 Dungeon Crawl Stone Soup version 0.30.0-10-gfe55d96785 (webtiles) character file.

Game seed: 6315411858675520275

765 dolemite99 the Ruffian (level 7, -6/79 HPs)
             Began as a Demigod Reaver on May 13, 2023.
             Mangled by an orc warrior
             ... wielding a +0 glaive
              (12 damage)
             ... on level 5 of the Dungeon.
             The game lasted 00:06:06 (4652 turns).

dolemite99 the Ruffian (Demigod Reaver)             Turns: 4652, Time: 00:06:07

Health: -6/79      AC: 10    Str: 17    XL:     7   Next: 26%
Magic:  12/12      EV: 16    Int: 15    God:
Gold:   135        SH:  4    Dex: 22    Spells: 2/9 levels left

rFire   . .          .
                       - Unarmed
rCold   . . .        z - +0 buckler
rNeg    . . .        c - +0 ring mail
rPois   .            d - +0 helmet
rElec   .            k - +1 cloak
rCorr   .            h - +0 pair of gloves
SInv    .            f - +0 pair of boots
Will    .....        (no amulet) Stlth
                     q - +6 ring of dexterity
HPRegen 0.33/turn    v - +5 ring of evasion
MPRegen 0.13/turn

%: no passive effects
@: berserking (expiring), very quick
A: high MP 1, forlorn, divine attributes
a: no special abilities


You were on level 5 of the Dungeon.
You visited 1 branch of the dungeon, and saw 6 of its levels.

You collected 135 gold pieces.

Inventory:

Hand Weapons
 a - a +1 sling of electrocution
 t - a +0 shortbow
Armour
 c - a +0 ring mail (worn)
 d - a +0 helmet (worn)
 f - a +0 pair of boots (worn)
 h - a +0 pair of gloves (worn)
 i - a +0 cloak
 k - a +1 cloak (worn)
 z - a +0 buckler (worn)
Jewellery
 q - a +6 ring of dexterity (left hand)
 v - a +5 ring of evasion (right hand)
Wands
 r - a wand of paralysis (6)
Scrolls
 g - a scroll of amnesia
Potions
 b - 2 potions of degeneration {unknown}
 e - 2 potions of flight
 m - a potion of mutation {unknown}
 o - a potion of attraction {unknown}
 p - 2 potions of brilliance {unknown}
 s - 2 potions of curing {unknown}
 w - 3 potions of invisibility {unknown}
 A - 3 potions of might {unknown}


   Skills:
 - Level 1.7 Fighting
 + Level 5.1 Ranged Weapons
 - Level 1.7 Dodging
 - Level 6.1 Unarmed Combat
 - Level 1.7 Spellcasting
 - Level 2.6 Conjurations


You had 2 spell levels left.
You knew the following spells:

 Your Spells              Type           Power      Damage    Failure   Level
a - Hailstorm             Conj/Ice       5%         3d4       69%         3
b - Lesser Beckoning      Tloc           2%         N/A       65%         2
c - Momentum Strike       Conj/Tloc      10%        3d8       45%         2

Your spell library contained the following spells:

 Spells                   Type           Power      Damage    Failure   Level
 Kiss of Death            Conj/Necr      20%        2d7       32%         1
 Gell's Gravitas          Tloc           1%         N/A       86%         3
 Teleport Other           Tloc           1%         N/A       86%         3


Dungeon Overview and Level Annotations

Branches:
Dungeon (6/15)
 Temple: D:4-7

Annotations:
D:4 Pikel


Innate Abilities, Weirdness & Mutations

You have an increased reservoir of magic. (+10% MP)
You shall have no god before yourself.
Your divine heritage dramatically boosts your attributes as you level up.


Message History

The orc priest mumbles some strange prayers to Beogh against you.
Pain shoots through your body!
The orc warrior hits you with a +0 glaive!
The orc warrior attacks as you move away!
The orc warrior hits you with a +0 glaive!
The orc priest mumbles some strange prayers to Beogh against you.
Beogh smites you!
* * * LOW HITPOINT WARNING * * *
The orc warrior closely misses you.
The orc priest attacks as you move away!
The orc priest completely misses you. The gnoll attacks as you move away!
The gnoll closely misses you.
The orc priest looks braver for a moment.
The gnoll barely misses you.
It was a potion of berserk rage.
A red film seems to cover your vision as you go berserk!
You feel yourself moving faster!
You feel mighty! You block the gnoll's attack.
You are too berserk!
Your +1 sling of electrocution stops crackling.
You are now empty-handed.
You feel a strong urge to attack something.
You punch the gnoll!
The gnoll is severely wounded.
You block the gnoll's attack.
You completely miss the gnoll.
The gnoll is severely wounded.
The gnoll closely misses you.
You punch the gnoll!
You kill the gnoll!
Your Ranged Weapons skill increases to level 5!
You barely miss the orc priest. You closely miss the orc priest.
The orc priest completely misses you.
The orc warrior hits you from afar with a +0 glaive!
* * * LOW HITPOINT WARNING * * *
You hit the orc priest but do no damage.
The orc priest misses you. The orc warrior closely misses you.
You punch the orc priest!
You kill the orc priest!
The orc warrior hits you with a +0 glaive!
You die...

#.........#
##.#####
#.........# #.#...
#.†.......#
#.#.####
####..########
#......##. #....##
#..........
.....##
##..........
......#
##$..........
......#
######............
......#
#...@o...........)
.....##
########.##...##..
......# ###.#...##
## ......#
#.......# ...>..#
#.......# .....##
#..(../.# #...##
#.......# #####
#......>#
#.......#


You could see an orc warrior.

Vanquished Creatures
  A black bear (D:4)
  An ice beast (D:5)
  A phantom (D:5)
  2 scorpions (D:4)
  3 hounds (D:5)
  An orc priest (D:5)
  A jelly (D:4)
  Jessica (D:3)
  An iguana (D:5)
  9 adders
  3 gnolls
  A shadow imp (D:5)
  3 worms
  3 dart slugs
  2 orcs
  4 ball pythons
  7 endoplasms
  A giant cockroach (D:3)
  5 goblins
  4 hobgoblins
  3 kobolds
  6 quokkas
  8 bats
  7 frilled lizards
  6 rats
84 creatures vanquished.

Notes
Turn   | Place    | Note
-------+----------+-------------------------------------------
     0 | D:1      | dolemite99 the Demigod Reaver began the quest for the Orb.
     0 | D:1      | Reached XP level 1. HP: 17/17 MP: 5/5
    48 | D:1      | Reached skill level 3 in Unarmed Combat
   258 | D:1      | Reached XP level 2. HP: 24/24 MP: 7/7
  1185 | D:2      | Reached XP level 3. HP: 29/29 MP: 8/8
  1207 | D:2      | Reached skill level 4 in Unarmed Combat
  1525 | D:3      | Noticed Jessica
  1529 | D:3      | Killed Jessica
  1699 | D:3      | Reached XP level 4. HP: 36/36 MP: 9/9
  1762 | D:3      | You fall into a shaft and drop 1 floor!
  1784 | D:4      | Noticed a black bear
  2542 | D:4      | Reached skill level 5 in Unarmed Combat
  2682 | D:4      | Reached XP level 5. HP: 29/41 MP: 10/10
  3045 | D:4      | Reached skill level 6 in Unarmed Combat
  3151 | D:4      | Killed a black bear
  3152 | D:4      | Reached XP level 6. HP: 20/48 MP: 11/11
  3799 | D:4      | Noticed Pikel
  4156 | D:5      | Entered Level 5 of the Dungeon
  4451 | D:5      | Learned a level 3 spell: Hailstorm
  4454 | D:5      | Learned a level 2 spell: Lesser Beckoning
  4457 | D:5      | Learned a level 2 spell: Momentum Strike
  4516 | D:5      | Reached XP level 7. HP: 53/53 MP: 12/12
  4648 | D:5      | Reached skill level 5 in Ranged Weapons
  4652 | D:5      | Mangled by an orc warrior

Illustrated notes

Levels and vault maps discovered:
D:1:      roderic_octagonal_star, layout_basic, minmay_pentomino_r2
D:2:      layout_loops_cross, skrybe_limestone_x
D:3:      layout_rooms, ebering_dispersal_statue_hall, uniq_jessica
D:4:      old_forge, layout_rooms, mainiacjoe_overflow_six_doors_small,
          uniq_pikel
D:5:      layout_rooms, lemuel_temple_firewalk_a
D:6:      layout_gridville, ebering_ghost_gozag, uniq_maggie

Skill      XL: |  1  2  3  4  5  6  7 |
---------------+----------------------+-----
Unarmed Combat | 3 4 5 6 |  6.1
Ranged Weapons | 2 4 5 |  5.1
Fighting       | |  1.7
Dodging        | |  1.7
Spellcasting   | |  1.7
Conjurations   | |  2.6

Action                     |  1- 3 |  4- 6 |  7- 9 || total
---------------------------+-------+-------+-------++-------
  Melee: Unarmed           |    24 |    46 |     7 ||    77
   Fire: Sling             |   117 |   131 |    25 ||   273
  Evoke: Wand              |       |       |     1 ||     1
    Use: Scroll            |       |     9 |     1 ||    10
         Potion            |       |     2 |     1 ||     3
 Armour: Ring mail         |    49 |    42 |     1 ||    92
         Leather armour    |     1 |       |       ||     1
  Dodge: Dodged            |    67 |    82 |    26 ||   175
  Block: Buckler           |       |    16 |     4 ||    20
